Map: Ephemeron LE

Players

zuka - Winner!

  • Race: Protoss Protoss
  • League: Master
  • Spawn Location: 5:00

anghost

  • Race: Terran Terran
  • League: Master
  • Spawn Location: 11:00

VOD

Have the link to the VOD?

Description

Time

  • Played on: Dec. 27, 2019, 2:04 p.m.
  • Length: 5:54
Show
View Real Time Build Order
Export as new Build Order

zuka Protoss - Winner!

Build Orders:  

Get SALT Encoding   

  12  0:01  Probe  
  13  0:13  Probe  
  14  0:18  Pylon  
  14  0:25  Probe (Chrono Boost)  
  15  0:36  Probe (Chrono Boost)  
  15  0:39  Gateway  
  16  0:42  Probe  
  16  0:48  Assimilator  
  17  0:55  Probe  
  18  1:07  Probe, Forge  
  19  1:16  Pylon  
  19  1:19  Probe  
  19  1:24  Zealot (Chrono Boost)  
  22  1:41  Photon Cannon  
  22  1:50  Cybernetics Core  
  24  2:04  Photon Cannon  
  24  2:20  Probe  
  22  2:24  Stalker (Chrono Boost)  
  22  2:27  Warp Gate, Assimilator  
  24  2:32  Probe  
  25  2:37  Pylon  
  25  2:46  Stalker  
  27  2:54  Photon Cannon  
  27  2:58  Shield Battery  
  27  3:07  Robotics Facility  
  27  3:16  Gateway  
  27  3:24  Stalker  
  29  3:47  Gateway  
  29  3:54  Immortal (Chrono Boost)  
  29  4:02  Pylon  
  33  4:16  Zealot x2  
  31  4:36  Warp Prism  
  31  4:40  Stalker  
  31  4:47  Stalker  
  33  4:57  Stalker  
  33  5:12  Stalker  
  33  5:13  Stalker  
  37  5:23  Stalker  
  39  5:36  Stalker  
  39  5:38  Stalker  
Show
View Real Time Build Order
Export as new Build Order

anghost Terran 

Build Orders:  

Get SALT Encoding   

  12  0:01  SCV  
  13  0:14  SCV  
  13  0:19  Supply Depot  
  14  0:26  SCV  
  15  0:43  Barracks  
  15  0:47  SCV  
  16  0:55  Barracks  
  16  1:02  Refinery  
  16  1:05  SCV  
  17  1:17  SCV  
  18  1:29  SCV  
  19  1:36  Barracks Tech Lab  
  19  1:41  Orbital Command  
  19  1:46  Barracks Tech Lab  
  19  1:57  Bunker  
  19  1:58  Marauder  
  20  2:08  SCV  
  20  2:17  Barracks  
  20  2:20  Marauder, Marine  
  23  2:25  Supply Depot  
  23  2:40  Stimpack  
  23  2:47  Supply Depot, SCV, Marine x2  
  26  2:59  SCV  
  26  3:04  Marine  
  26  3:05  Marauder  
  29  3:09  Marine  
  30  3:14  Barracks  
  30  3:16  SCV  
  31  3:23  Marauder  
  31  3:26  Marine  
  34  3:27  Marine  
  34  3:28  SCV  
  36  3:44  Marauder, Marine  
  36  3:48  SCV  
  40  3:55  Supply Depot  
  40  3:57  Marine  
  40  4:01  Marine  
  44  4:02  Marauder  
  44  4:05  Marine  
  44  4:06  SCV  
  46  4:15  Marine  
  47  4:23  Marauder  
  32  4:45  Barracks Reactor x2  
  32  4:47  Marauder x2  
  30  5:08  Marauder x2  
  30  5:09  Concussive Shells  
  30  5:10  SCV  
  34  5:22  SCV  
  34  5:25  Marine x4  
  39  5:30  Marauder  
  41  5:42  Engineering Bay  
Tags
 
Add a new tag
Caveats
  • Supply blocks, unpowered buildings, or Contaminate may cause inaccurate times.
  • Supply counts are checked every 10 seconds.